 Dungeon Crawl Stone Soup version 0.28.0-53-g5a82cb258f (webtiles) character file.

Game seed: 6924291894766976486

8573 Infinimo the Fighter (level 11, -1/184 HPs)
             Began as an Ogre Berserker on June 4, 2022.
             Was a Priest of Trog.
             Slain by a killer bee (5 damage)
             ... on level 8 of the Dungeon.
             The game lasted 00:13:08 (12309 turns).

Infinimo the Fighter (Ogre Berserker)              Turns: 12309, Time: 00:13:09

Health: -1/184     AC: 10    Str: 27    XL:     11   Next: 33%
Magic:  11/11      EV: 11    Int:  8    God:    Trog [***...]
Gold:   189        SH:  0    Dex:  8    Spells: 10/10 levels left

rFire   . . .      SeeInvis .   B - +2 flail (vorpal)
rCold   . . .      Faith    .   (no shield)
rNeg    . . .      Spirit   .   F - +0 troll leather armour
rPois   .          Reflect  .   (helmet restricted)
rElec   .          Harm     .   h - +0 cloak
rCorr   .          Rampage  .   (gloves unavailable)
Will    +....                   (boots unavailable)
Stlth   ..........              D - amulet of regeneration
HPRegen 2.00/turn               z - +4 ring of slaying
MPRegen 0.12/turn               q - +4 ring of protection

@: berserking (expiring), lethally poisoned (-1 -> -1), very quick
A: large, unfitting armour, tough skin 1
a: Renounce Religion, Berserk, Trog's Hand


You were on level 8 of the Dungeon.
You worshipped Trog.
Trog was most pleased with you.
You visited 2 branches of the dungeon, and saw 10 of its levels.

You collected 519 gold pieces.
You spent 330 gold pieces at shops.

Inventory:

Hand Weapons
 r - a +0 giant spiked club
 u - a +0 whip of electrocution
 B - a +2 vorpal flail (weapon)
Missiles
 j - 18 poisoned darts (quivered)
 p - 4 throwing nets
Armour
 h - a +0 cloak (worn)
 F - a +0 troll leather armour (worn)
Jewellery
 c - an amulet of faith
 q - a +4 ring of protection (right hand)
 z - a +4 ring of slaying (left hand)
 D - an amulet of regeneration (around neck)
Wands
 d - a wand of digging (5)
 x - a wand of flame (29)
 y - a wand of mindburst (11)
 A - a wand of charming (6)
 C - a wand of acid (9)
 E - a wand of paralysis (8)
 G - a wand of iceblast (2)
Scrolls
 a - 7 scrolls of identify
 i - 3 scrolls of teleportation
 s - a scroll of enchant weapon
 t - a scroll of magic mapping
 w - 2 scrolls of vulnerability {unknown}
Potions
 b - a potion of ambrosia
 e - 2 potions of heal wounds
 f - 2 potions of attraction
 g - a potion of resistance
 k - 2 potions of flight
 l - 5 potions of mutation
 m - a potion of berserk rage
 n - 5 potions of curing
 o - a potion of might {unknown}
 v - a potion of degeneration {unknown}


   Skills:
 + Level 12.0 Fighting
 * Level 11.6 Maces & Flails
 + Level 8.4 Dodging


You had 10 spell levels left.
You didn't know any spells.
Your spell library was empty.

Dungeon Overview and Level Annotations

Branches:
Dungeon (9/15)             Temple (1/1) D:5            Lair (0/6) D:9
    Orc (0/2) D:9

Altars:
Ashenzari
Cheibriados
Dithmenos
Elyvilon
Fedhas
Gozag
Hepliaklqana
Kikubaaqudgha
Makhleb
Nemelex Xobeh
Okawaru
Qazlal
Ru
Sif Muna
Trog
Uskayaw
Vehumet
Wu Jian
Xom
Yredelemnul
Zin
The Shining One

Shops:
D:9 =


Innate Abilities, Weirdness & Mutations

You are too large for most types of armour.
You have tough skin. (AC +1)


Message History

The killer bee barely misses you. The killer bee closely misses you.
You miss the killer bee.
The killer bee is moderately wounded.
You feel sick. The killer bee misses you. The killer bee stings you.
* * * LOW HITPOINT WARNING * * *
The killer bee closely misses you.
You closely miss the killer bee.
The killer bee is moderately wounded.
You feel sick. The killer bee misses you. The killer bee closely misses you.
The killer bee barely misses you.
You miss the killer bee.
The killer bee is moderately wounded.
You feel sick.
The killer bee stings you but does no damage.
The killer bee stings you.
* * * LOW HITPOINT WARNING * * *
The killer bee barely misses you.
You are too berserk!
You closely miss the killer bee.
The killer bee is moderately wounded.
You feel sick.
The killer bee stings you but does no damage.
The killer bee stings you.
* * * LOW HITPOINT WARNING * * *
The killer bee stings you but does no damage.
Unknown command.
You closely miss the killer bee.
The killer bee is moderately wounded.
You feel sick. The killer bee misses you. The killer bee stings you.
* * * LOW HITPOINT WARNING * * *
The killer bee stings you but does no damage.
Unknown command.
Unknown command.
You bludgeon the killer bee!!
You kill the killer bee!
Trog accepts your kill.
You feel sick.
The killer bee stings you but does no damage.
The killer bee stings you.
You die...

#........####### #.....
#.######## ###.## #.#
#.# #.# #.# #.# #####
#.#
#.###..>#############.#
#....#####............#
######.†.###...########
#†@.# #...#
####.yy###.⌠.#
#............#
#.8........###
#(.........#
####.......####
#..........# #
###.......)8.# #
#............# ####


You could see 2 killer bees.

Vanquished Creatures
  3 two-headed ogres
  Pikel (D:8)
  Maggie (D:6)
  Grinder (D:3)
  A troll (D:8)
  Prince Ribbit (D:5)
  Sigmund (D:2)
  5 yaks (D:9)
  2 wyverns (D:9)
  A basilisk (D:9)
  An acid dragon (D:9)
  4 water moccasins (D:9)
  An orc warrior (D:6)
  2 necrophages
  2 ogres (D:6)
  6 centaurs
  A lemure (D:8)
  A phantom (D:7)
  A kobold brigand (D:6)
  4 bullfrogs
  2 water moccasin zombies
  2 gnoll sergeants (D:6)
  2 scorpions
  3 water moccasin skeletons
  3 wights (D:7)
  8 killer bees (D:8)
  2 howler monkeys (D:7)
  A bullfrog zombie (D:5)
  A centaur skeleton (D:7)
  4 hounds
  A jelly (D:7)
  2 centaur zombies (D:9)
  4 orc priests
  Crazy Yiuf (D:2)
  4 gnoll shamans
  Jessica (D:3)
  Ijyb (D:3)
  Natasha (thrice) (D:3)
  5 orc wizards
  3 iguanas
  A killer bee zombie (D:8)
  2 hound skeletons
  6 adders
  24 gnolls
  A howler monkey skeleton (D:7)
  A shadow imp (D:7)
  A white imp (D:7)
  2 ufetubi
  3 adder skeletons (D:4)
  A worm (D:7)
  4 dart slugs
  16 orcs
  3 ball pythons
  5 endoplasms
  4 giant cockroaches
  7 goblins
  9 hobgoblins
  22 kobolds
  6 quokkas
  4 bats
  2 frilled lizards (D:2)
  6 rats
223 creatures vanquished.

Vanquished Creatures (others)
  A fungus (D:9)
  63 plants
64 creatures vanquished.

Grand Total: 287 creatures vanquished

Notes
Turn   | Place    | Note
-------+----------+-------------------------------------------
     0 | D:1      | Infinimo the Ogre Berserker began the quest for the Orb.
     0 | D:1      | Reached XP level 1. HP: 24/24 MP: 1/1
    92 | D:1      | Found a faded altar of an unknown god.
   323 | D:1      | Reached XP level 2. HP: 32/32 MP: 2/2
   775 | D:2      | Reached XP level 3. HP: 40/40 MP: 3/3
  1076 | D:2      | Noticed Sigmund
  1088 | D:2      | Killed Sigmund
  1089 | D:2      | Reached skill level 5 in Fighting
  1089 | D:2      | Reached XP level 4. HP: 32/50 MP: 4/4
  1089 | D:2      | Reached XP level 5. HP: 37/57 MP: 5/5
  1531 | D:2      | Found a runed translucent door.
  1532 | D:2      | Noticed Crazy Yiuf
  1843 | D:2      | Paralysed by Crazy Yiuf for 4 turns
  2170 | D:2      | Killed Crazy Yiuf
  2171 | D:2      | Reached XP level 6. HP: 66/66 MP: 0/6
  2490 | D:3      | Noticed Ijyb
  2499 | D:3      | Killed Ijyb
  2539 | D:3      | Noticed Natasha
  2547 | D:3      | Killed Natasha
  2639 | D:3      | Reached skill level 5 in Maces & Flails
  2836 | D:3      | Noticed Natasha
  2841 | D:3      | Killed Natasha
  2902 | D:3      | Noticed Jessica
  2909 | D:3      | Killed Jessica
  2910 | D:3      | Reached skill level 6 in Fighting
  2973 | D:3      | Reached XP level 7. HP: 45/75 MP: 7/7
  3108 | D:3      | Noticed Natasha
  3111 | D:3      | Killed Natasha
  3187 | D:3      | Noticed Grinder
  3204 | D:3      | Paralysed by Grinder for 4 turns
  3211 | D:3      | Paralysed by Grinder for 7 turns
  3226 | D:3      | Killed Grinder
  3825 | D:4      | Found a radiant altar of Vehumet.
  4108 | D:4      | Reached skill level 7 in Fighting
  4108 | D:4      | Reached XP level 8. HP: 87/87 MP: 8/8
  4553 | D:4      | Reached ** piety under Trog
  5082 | D:4      | Reached skill level 5 in Dodging
  5608 | D:5      | Entered Level 5 of the Dungeon
  5608 | D:5      | Found a staircase to the Ecumenical Temple.
  5641 | Temple   | Entered the Ecumenical Temple
  6179 | D:5      | Found a basalt altar of Yredelemnul.
  6258 | D:5      | Reached skill level 8 in Fighting
  6270 | D:5      | Noticed Prince Ribbit
  6288 | D:5      | Killed Prince Ribbit
  6615 | D:5      | Reached XP level 9. HP: 96/96 MP: 9/9
  7240 | D:6      | Reached skill level 9 in Fighting
  7410 | D:6      | Reached *** piety under Trog
  8549 | D:6      | Noticed Maggie
  8558 | D:6      | Killed Maggie
  9009 | D:7      | Noticed a two-headed ogre
  9022 | D:7      | Killed a two-headed ogre
  9023 | D:7      | Reached skill level 10 in Fighting
  9023 | D:7      | Reached XP level 10. HP: 98/110 MP: 10/10
  9589 | D:7      | Reached skill level 10 in Maces & Flails
  9660 | D:7      | Found a snail-covered altar of Cheibriados.
 10960 | D:8      | Found a glowing golden altar of the Shining One.
 10992 | D:8      | Noticed Pikel
 11015 | D:8      | Killed Pikel
 11551 | D:8      | Reached skill level 11 in Fighting
 11781 | D:9      | Noticed a two-headed ogre
 11801 | D:9      | Killed a two-headed ogre
 11802 | D:9      | Reached XP level 11. HP: 19/120 MP: 11/11
 12084 | D:9      | Noticed a two-headed ogre
 12091 | D:9      | Killed a two-headed ogre
 12193 | D:9      | Found a staircase to the Orcish Mines.
 12196 | D:9      | Reached skill level 12 in Fighting
 12257 | D:9      | Found Ympuril's Jewellery Boutique.
 12267 | D:9      | Bought an amulet of regeneration for 330 gold pieces
 12284 | D:9      | Found a staircase to the Lair.
 12307 | D:8      | HP: 6/184 [killer bee (6)]
 12309 | D:8      | Slain by a killer bee

Illustrated notes

Levels and vault maps discovered:
D:1:      lightli_arrival_noodles, layout_basic, basic_ecumenical_altar,
          roderic_lattice_a
D:2:      layout_loops_ring, uniq_sigmund, uniq_crazy_yiuf_cottage
D:3:      layout_rooms, uniq_jessica, uniq_ijyb, uniq_grinder, uniq_natasha
D:4:      wad_woods_settlement, layout_basic, kennysheep_mini
D:5:      layout_rooms, mainiacjoe_overflow_concentric_impassable,
          minmay_temple_entry_mist, enter_ossuary_1, uniq_prince_ribbit1
D:6:      kennysheep_housing_project, layout_loops_cross, uniq_maggie
D:7:      layout_basic, cheibrodos_worm_habitat
D:8:      layout_loops_cross, mainiacjoe_overflow_tiny_flanked,
          nicolae_elevator_lobby_asterisk, uniq_pikel
D:9:      layout_basic, minmay_lair_entry_grove, orc_0_dummy, serial_shops,
          shop, special_room [special_room_bee]
Temple:   regret_index_temple_mists

Skill      XL: |  1  2  3  4  5  6  7  8  9 10 11 |
---------------+----------------------------------+-----
Maces & Flails | 3 4 5 6 7 9 11 | 11.6
Dodging        | 3 4 5 7 8 |  8.4
Fighting       | 5 6 7 8 10 11 12 | 12.0

Action                   |  1- 3 |  4- 6 |  7- 9 | 10-12 || total
-------------------------+-------+-------+-------+-------++-------
Melee: Mace              |    57 |    93 |   225 |       ||   375
       Punch             |       |       |     8 |     9 ||    17
       Whip              |       |       |   201 |   131 ||   332
       Flail             |       |       |       |   146 ||   146
Throw: Dart              |       |       |       |     1 ||     1
Invok: Berserk           |     3 |     7 |    17 |    12 ||    39
  Use: Scroll            |       |     9 |     6 |     1 ||    16
       Potion            |       |     1 |       |       ||     1
 Stab: Distracted        |       |       |     1 |       ||     1
Armor: Animal skin       |    22 |    17 |    88 |    36 ||   163
       Troll leather arm |       |       |       |    57 ||    57
Dodge: Dodged            |    33 |    49 |   185 |   191 ||   458
